 Dungeon Crawl Stone Soup version 0.31-a0-977-gc230f8ef24 (webtiles) character file.

Game seed: 14253579298310943398

25 skwerlee the Ruffian (level 3, -1/27 HPs)
             Began as a Djinni Shapeshifter on Oct 29, 2023.
             Slain by Terence
             ... wielding a +0 hand axe
              (4 damage)
             ... on level 2 of the Dungeon.
             The game lasted 00:03:21 (754 turns).

skwerlee the Ruffian (Djinni Shapeshifter)           Turns: 754, Time: 00:03:21

Health: -1/27      AC:  5    Str: 15    XL:     3   Next: 17%
Gold:   59         EV: 11    Int: 11    God:
                   SH:  0    Dex: 12

rFire   + + .        f - +0 hand axe
rCold   x . .        (no shield)
rNeg    . . .        k - +0 ring mail
rPois   ∞            (helmet currently unavailable)
rElec   .            (cloak currently unavailable)
rCorr   +            (gloves currently unavailable)
SInv    .            (boots unavailable)
Will    .....        (no amulet)
Stlth   +            j - ring of resist corrosion
HPRegen 0.24/turn    (no ring)
MPRegen 0.00/turn

%: infuse magic (-2 HP)
@: beast-form, flying
A: beast (slay +1), flying, sickness immunity, fire resistance 2, cold
vulnerability 1, float, innate caster, HP casting, extra vitality 1
a: Begin Untransformation


You were on level 2 of the Dungeon.
You were a hulking beast.
You visited 1 branch of the dungeon, and saw 2 of its levels.

You collected 59 gold pieces.

Inventory:

Hand Weapons
 f - a +0 hand axe (weapon)
Armour
 k - a +0 ring mail (worn)
Jewellery
 j - a ring of resist corrosion (left hand)
Talismans
 c - a beast talisman
 d - a flux talisman
Scrolls
 g - a scroll of identify {unknown}
 h - a scroll of torment {unknown}
Potions
 b - a potion of lignification
 e - a potion of resistance {unknown}
 i - a potion of curing {unknown}


   Skills:
 + Level 1.1 Fighting
 + Level 2.4 Dodging
 + Level 0.1 Stealth
 - Level 3.3 Unarmed Combat
 + Level 3.1 Shapeshifting


You knew the following spells:

 Your Spells              Type           Power      Damage    Failure   Level
a - Sandblast             Erth           0%         2d4       56%         1
Your spell library was empty.

Dungeon Overview and Level Annotations

Branches:
Dungeon (2/15)

Altars:

Annotations:
D:2 Terence


Innate Abilities, Weirdness & Mutations

You are a hulking beast.
Your limbs bulge with bestial killing power. (Slay +1)
You are flying.
You are immune to sickness and miasma.
You are immune to poison.
Your flesh is very heat resistant. (rF++)
You are vulnerable to cold. (rC-)
You float through the air rather than walking.
You learn spells naturally, not from books.
Your magical power is your life essence.
You have superior vitality. (+4 MHP)


Message History

j - a ring of resist corrosion (left hand)
You see here a +0 short sword.
Done exploring.
Done exploring.
What level of the Dungeon? (default 1, ? - help)
There is a stone staircase leading down here.
You fly downwards.
Terence shouts!
Found 5 gold pieces.
Found a stone staircase leading up and a stone staircase leading down.
There is a stone staircase leading up here.
There are monsters nearby!
The giant cockroach bites you. Terence hits you with a +0 hand axe.
Okay, then.
You barely miss Terence. You hit the giant cockroach.
The giant cockroach barely misses you. Terence hits you with a +0 hand axe.
You hit Terence.
Terence is lightly wounded.
You hit the giant cockroach.
You kill the giant cockroach!
Terence hits you with a +0 hand axe.
You hit Terence.
Terence is moderately wounded.
Terence hits you with a +0 hand axe.
You slash Terence!
Terence is severely wounded.
Terence hits you but does no damage. Terence hits you with a +0 hand axe.
* * * LOW HITPOINT WARNING * * *
You barely miss Terence.
Terence is severely wounded.
Terence hits you with a +0 hand axe.
* * * LOW HITPOINT WARNING * * *
You barely miss Terence.
Terence is severely wounded.
Terence hits you with a +0 hand axe.
* * * LOW HITPOINT WARNING * * *
You hit Terence but do no damage.
Terence is severely wounded.
Terence barely misses you. Terence hits you with a +0 hand axe.
You die...

# .# #####.#
#.....#
#†@...#
#h....#
#<....#
#..<..#
......#
.$........
..........>
............
.........##..
......#####
##


You could see Terence.

Vanquished Creatures
  4 ball pythons (D:1)
  3 bats (D:1)
  A giant cockroach (D:2)
  4 goblins (D:1)
  A hobgoblin (D:1)
  2 quokkas (D:1)
  A frilled lizard (D:1)
  2 kobolds (D:1)
  3 rats (D:1)
21 creatures vanquished.

Notes
Turn   | Place    | Note
-------+----------+-------------------------------------------
     0 | D:1      | skwerlee the Djinni Shapeshifter began the quest for the
                  | Orb.
     0 | D:1      | Reached XP level 1. HP: 17/17 MP: 0/0
   187 | D:1      | Reached XP level 2. HP: 21/22 MP: 0/0
   365 | D:1      | Reached XP level 3. HP: 26/27 MP: 0/0
   365 | D:1      | Learned a level 1 spell: Sandblast
   441 | D:1      | Found a faded altar of an unknown god.
   746 | D:2      | Noticed Terence
   754 | D:2      | Slain by Terence

Illustrated notes

Levels and vault maps discovered:
D:1:      tekkud_arrival_beachfront_property, layout_rooms,
          ebering_ecumenical_altar_sacrificial, minmay_misc_feat_tiny
D:2:      layout_basic, uniq_sigmund, uniq_terence

Skill      XL: |  1  2 |
---------------+-------+-----
Shapeshifting  | 3 |  3.1
Fighting       | |  1.1
Dodging        | |  2.4
Stealth        | |  0.1
Unarmed Combat | |  3.3

Action                     || total
---------------------------++-------
  Melee: Unarmed           ||    25
         Hand axe          ||    29
         Punch             ||     1
 Armour: Animal skin       ||    24
         Ring mail         ||    10
  Dodge: Dodged            ||    39

Table legend: (Time is in decaauts)
 A = Elapsed time spent in this place.
 B = Non-inter-level travel time spent in this place.
 C = Inter-level travel time spent in this place.
 D = Time resting spent in this place.
 E = Time spent auto-exploring this place.
 F = Levels seen in this place.
 G = Mean time per level.
                   A        B        C        D        E       F      G
               +--------+--------+--------+--------+--------+-----+--------+
         Total |    759 |    730 |     29 |    177 |    366 |   2 |  379.5 |
       Dungeon |    759 |    730 |     29 |    177 |    366 |   2 |  379.5 |
               +--------+--------+--------+--------+--------+-----+--------+

Top non-repeatable levels by time:
     D:1: 750 daAuts
     D:2: 9 daAuts
